Workbook

Sheet MEDIÇÃO 5
A1: PREFEITURA MUNICIPAL DE SO ROQUE DO CANA Estado do Esprito Santo SECRETARIA MUNICIPAL DE OBRAS E SERVIÇOS URBANOS – SETOR DE ENGENHARIA
A12: BOLETIM DE MEDIÇÃO 05 | K12: DATA: 16/10/2024
A14: OBRA: REFORMA UNIDADE BÁSICA DE SAÚDE “ETHEVALDO FRANCISCO ROLDI” (UBS SEDE) | D14: CONTRATO Nº: | F14: 056/2024 | H14: Assinatura: 08/05/2024 | K14: INÍCIO: | M14: 45426
K15: TÉRMINO: | M15: 45635
A16: LOCAL: RUA OLÍVIO PERINI, Nº 107, BAIRRO CINCO CASINHAS, SÃO ROQUE DO CANAÃ/ES | D16: PERÍODO: | F16: 45545 | H16: a | I16: 45575 | K16: PRAZO: | M16: 120 dias + 90 dias
A17: EMPREITEIRA: FABIO JULIO ENGENHARIA LTDA | F17: =I18 -> MEDIÇÃO 05 | I17: =L114 -> 21765.315 | K17: % MÊS: | L17: =H114 -> 0.055943337 | M17: % ACUM: | N17: =H115 -> 0.70960629
A18: ITEM | B18: ESPECIFICAÇÃO | C18: UNID. | D18: QUANT. | E18: PREÇO UNIT R$ | F18: ACUMULADO ANTERIOR | I18: MEDIÇÃO 05 | L18: TOTAL MEDIDO
F19: QUANT. | G19: TOTAL | H19: % | I19: QUANT. | J19: TOTAL | K19: % | L19: QUANT. | M19: TOTAL | N19: %
A20: 1 | B20: INSTALAÇÃO DO CANTEIRO DE OBRAS | J20: =SUM(J21:J22) -> 0 | M20: =SUM(M21:M22) -> 11375.726
A21: 1.1 | B21: Placa de obra nas dimensões de 2.0 x 4.0 m, padrão DER | C21: m2 | D21: 8 | E21: 403.48363 | F21: 8 | G21: =F21*E21 -> 3227.869 | H21: =F21/D21 -> 1 | J21: =I21*E21 -> 0 | K21: =I21/D21 -> 0 | L21: =F21+I21 -> 8 | M21: =G21+J21 -> 3227.869 | N21: =H21+K21 -> 1
A22: 1.2 | B22: Barracão para almoxarifado área de 10.90m2, de chapa de compensado de 12mm e pontalete 8x8cm, piso cimentado e cobertura de telhas de fibrocimento de 6mm, incl. ponto de luz, conf. projeto (1 utilização) | C22: m2 | D22: 10.9 | E22: 747.50985 | F22: 10.9 | G22: =F22*E22 -> 8147.8574 | H22: =F22/D22 -> 1 | J22: =I22*E22 -> 0 | K22: =I22/D22 -> 0 | L22: =F22+I22 -> 10.9 | M22: =G22+J22 -> 8147.8574 | N22: =H22+K22 -> 1
A23: 2 | B23: SERVIÇOS PRELIMINARES | J23: =SUM(J24:J40) -> 1378.1931 | M23: =SUM(M24:M40) -> 16080.507
A24: 2.1 | B24: Demolição de alvenaria | C24: m3 | D24: 18.91 | E24: 70.267834 | F24: 18.91 | G24: =F24*E24 -> 1328.7647 | H24: =F24/D24 -> 1 | J24: =I24*E24 -> 0 | K24: =I24/D24 -> 0 | L24: =F24+I24 -> 18.91 | M24: =G24+J24 -> 1328.7647 | N24: =H24+K24 -> 1
A25: 2.2 | B25: Lixamento de parede com pintura antiga PVA para recebimento de nova camada de tinta | C25: m2 | D25: 463.58 | E25: 4.414669 | F25: 463.58 | G25: =F25*E25 -> 2046.5523 | H25: =F25/D25 -> 1 | J25: =I25*E25 -> 0 | K25: =I25/D25 -> 0 | L25: =F25+I25 -> 463.58 | M25: =G25+J25 -> 2046.5523 | N25: =H25+K25 -> 1
A26: 2.3 | B26: Retirada de bancada de pia | C26: m2 | D26: 8.88 | E26: 29.068333 | F26: 8.88 | G26: =F26*E26 -> 258.1268 | H26: =F26/D26 -> 1 | J26: =I26*E26 -> 0 | K26: =I26/D26 -> 0 | L26: =F26+I26 -> 8.88 | M26: =G26+J26 -> 258.1268 | N26: =H26+K26 -> 1
A27: 2.4 | B27: Retirada de portas e janelas de madeira, inclusive batentes | C27: m2 | D27: 15.96 | E27: 18.734828 | F27: 15.96 | G27: =F27*E27 -> 299.00785 | H27: =F27/D27 -> 1 | J27: =I27*E27 -> 0 | K27: =I27/D27 -> 0 | L27: =F27+I27 -> 15.96 | M27: =G27+J27 -> 299.00785 | N27: =H27+K27 -> 1
A28: 2.5 | B28: Retirada de revestimento antigo em reboco | C28: m2 | D28: 63.43 | E28: 11.715382 | F28: 63.43 | G28: =F28*E28 -> 743.10668 | H28: =F28/D28 -> 1 | J28: =I28*E28 -> 0 | K28: =I28/D28 -> 0 | L28: =F28+I28 -> 63.43 | M28: =G28+J28 -> 743.10668 | N28: =H28+K28 -> 1
B29: Retirada de rodapé de madeira ou cerâmica | C29: m | D29: 252.38 | E29: 2.727067 | F29: 171 | G29: =F29*E29 -> 466.32846 | H29: =F29/D29 -> 0.67754973 | I29: 49.53 | J29: =I29*E29 -> 135.07163 | K29: =I29/D29 -> 0.19625168 | L29: =F29+I29 -> 220.53 | M29: =G29+J29 -> 601.40009 | N29: =H29+K29 -> 0.87380141
A30: 2.6 | B30: Retirada de esquadrias metálicas | C30: m2 | D30: 7.8 | E30: 11.715382 | F30: 7.8 | G30: =F30*E30 -> 91.37998 | H30: =F30/D30 -> 1 | J30: =I30*E30 -> 0 | K30: =I30/D30 -> 0 | L30: =F30+I30 -> 7.8 | M30: =G30+J30 -> 91.37998 | N30: =H30+K30 -> 1
A31: 2.7 | B31: Retirada de torneiras e registros | C31: und | D31: 1 | E31: 12.815992 | F31: 1 | G31: =F31*E31 -> 12.815992 | H31: =F31/D31 -> 1 | J31: =I31*E31 -> 0 | K31: =I31/D31 -> 0 | L31: =F31+I31 -> 1 | M31: =G31+J31 -> 12.815992 | N31: =H31+K31 -> 1
A32: 2.8 | B32: Retirada de caixas/quadros elétricos | C32: und | D32: 2 | E32: 17.401867 | F32: 2 | G32: =F32*E32 -> 34.803734 | H32: =F32/D32 -> 1 | J32: =I32*E32 -> 0 | K32: =I32/D32 -> 0 | L32: =F32+I32 -> 2 | M32: =G32+J32 -> 34.803734 | N32: =H32+K32 -> 1
A33: 2.9 | B33: Retirada de pontos elétricos (luminárias, interruptores e tomadas) | C33: und | D33: 1 | E33: 12.815992 | F33: 1 | G33: =F33*E33 -> 12.815992 | H33: =F33/D33 -> 1 | J33: =I33*E33 -> 0 | K33: =I33/D33 -> 0 | L33: =F33+I33 -> 1 | M33: =G33+J33 -> 12.815992 | N33: =H33+K33 -> 1
A34: 2.10 | B34: Demolição de piso granilite | C34: m2 | D34: 319.3 | E34: 32.516911 | F34: 210 | G34: =F34*E34 -> 6828.5513 | H34: =F34/D34 -> 0.65768869 | I34: 38.23 | J34: =I34*E34 -> 1243.1215 | K34: =I34/D34 -> 0.11973066 | L34: =F34+I34 -> 248.23 | M34: =G34+J34 -> 8071.6728 | N34: =H34+K34 -> 0.77741935
A35: 2.11 | B35: Abertura e fechamento de rasgos em alvenaria, para passagem de tubulações, diâm. 11/4" a 2" | C35: m | D35: 7.6 | E35: 22.427986 | F35: 7.6 | G35: =F35*E35 -> 170.45269 | H35: =F35/D35 -> 1 | J35: =I35*E35 -> 0 | K35: =I35/D35 -> 0 | L35: =F35+I35 -> 7.6 | M35: =G35+J35 -> 170.45269 | N35: =H35+K35 -> 1
A36: 2.12 | B36: Apicoamento de superfície com revestimento em argamassa | C36: m2 | D36: 36.85 | E36: 11.715382 | F36: 36.85 | G36: =F36*E36 -> 431.71183 | H36: =F36/D36 -> 1 | J36: =I36*E36 -> 0 | K36: =I36/D36 -> 0 | L36: =F36+I36 -> 36.85 | M36: =G36+J36 -> 431.71183 | N36: =H36+K36 -> 1
A37: 2.13 | B37: Remoção de vidro temperado fixado em perfil u. | C37: m2 | D37: 5.52 | E37: 15.462348 | F37: 5.52 | G37: =F37*E37 -> 85.352159 | H37: =F37/D37 -> 1 | J37: =I37*E37 -> 0 | K37: =I37/D37 -> 0 | L37: =F37+I37 -> 5.52 | M37: =G37+J37 -> 85.352159 | N37: =H37+K37 -> 1
A38: 2.14 | B38: Remoção de telhas, de fibrocimento, metálica e cerâmica, de forma manual, sem reaproveitamento | C38: m2 | D38: 182.62 | E38: 3.3727582 | F38: 182.62 | G38: =F38*E38 -> 615.9331 | H38: =F38/D38 -> 1 | J38: =I38*E38 -> 0 | K38: =I38/D38 -> 0 | L38: =F38+I38 -> 182.62 | M38: =G38+J38 -> 615.9331 | N38: =H38+K38 -> 1
A39: 2.15 | B39: Lixamento de madeira para aplicação de fundo ou pintura | C39: m2 | D39: 73.07 | E39: 2.274594 | F39: 73.07 | G39: =F39*E39 -> 166.20458 | H39: =F39/D39 -> 1 | J39: =I39*E39 -> 0 | K39: =I39/D39 -> 0 | L39: =F39+I39 -> 73.07 | M39: =G39+J39 -> 166.20458 | N39: =H39+K39 -> 1
A40: 2.16 | B40: Remoção de forro de gesso, de forma manual, sem reaproveitamento | C40: m2 | D40: 369.11 | E40: 3.008334 | F40: 369.11 | G40: =F40*E40 -> 1110.4062 | H40: =F40/D40 -> 1 | J40: =I40*E40 -> 0 | K40: =I40/D40 -> 0 | L40: =F40+I40 -> 369.11 | M40: =G40+J40 -> 1110.4062 | N40: =H40+K40 -> 1
A41: 3 | B41: PAREDES E PAINÉIS | J41: =SUM(J42:J44) -> 1362.6854 | M41: =SUM(M42:M44) -> 8690.2647
A42: 3.1 | B42: Alvenaria de blocos cerâmicos 10 furos 10x20x20cm, assentados c/argamassa de cimento, cal hidratada CH1 e areia traço 1:0,5:8, esp. das juntas 12mm e esp. das paredes s/revestimento, 10cm (bloco comprado na fábrica, posto obra) | C42: m2 | D42: 46.94 | E42: 80.258927 | F42: 46.94 | G42: =F42*E42 -> 3767.354 | H42: =F42/D42 -> 1 | J42: =I42*E42 -> 0 | K42: =I42/D42 -> 0 | L42: =F42+I42 -> 46.94 | M42: =G42+J42 -> 3767.354 | N42: =H42+K42 -> 1
A43: 3.2 | B43: Verga/contraverga reta de concreto armado 10 x 5 cm, Fck = 15 MPa, inclusive forma, armação e desforma | C43: m | D43: 7.6 | E43: 11.409657 | F43: 7.6 | G43: =F43*E43 -> 86.713393 | H43: =F43/D43 -> 1 | J43: =I43*E43 -> 0 | K43: =I43/D43 -> 0 | L43: =F43+I43 -> 7.6 | M43: =G43+J43 -> 86.713393 | N43: =H43+K43 -> 1
A44: 3.3 | B44: Parede com placas de gesso acartonado (DRYWALL), para uso interno, com duas faces simples e estrutura metálica com guias duplas, com vãos. | C44: m2 | D44: 28.05 | E44: 190.8523 | F44: 18.2 | G44: =F44*E44 -> 3473.5118 | H44: =F44/D44 -> 0.64884135 | I44: 7.14 | J44: =I44*E44 -> 1362.6854 | K44: =I44/D44 -> 0.25454545 | L44: =F44+I44 -> 25.34 | M44: =G44+J44 -> 4836.1972 | N44: =H44+K44 -> 0.90338681
A45: 4 | B45: ESQUADRIAS DE MADEIRA | J45: =SUM(J46:J49) -> 489.58801 | M45: =SUM(M46:M49) -> 16013.593
A46: 4.1 | B46: Marco de madeira de lei de 1ª (Peroba, Ipê, Angelim Pedra ou equivalente) com 15x3 cm de batente, nas dimensões de 0.80 x 2.10 m | C46: und | D46: 5 | E46: 489.58801 | F46: 4 | G46: =F46*E46 -> 1958.3521 | H46: =F46/D46 -> 0.8 | I46: 1 | J46: =I46*E46 -> 489.58801 | K46: =I46/D46 -> 0.2 | L46: =F46+I46 -> 5 | M46: =G46+J46 -> 2447.9401 | N46: =H46+K46 -> 1
A47: 4.2 | B47: Recolocação de porta em madeira de lei tipo angelim pedra ou equiv.c/enchimento em madeira 1a.qualidade esp. 30mm p/ pintura, inclusive alizares, dobradiças e fechadura externa em latão cromado LaFonte ou equiv., exclusive marco e porta, nas dim.: 0.80 x 2.10 m | C47: und. | D47: 5 | E47: 1108.7313 | F47: 5 | G47: =F47*E47 -> 5543.6564 | H47: =F47/D47 -> 1 | J47: =I47*E47 -> 0 | K47: =I47/D47 -> 0 | L47: =F47+I47 -> 5 | M47: =G47+J47 -> 5543.6564 | N47: =H47+K47 -> 1
A48: 4.3 | B48: Porta radiológica em mad/mad de lei, p/pintura, dim: 0,92x2,12m, laminado de chumbo embutido, e=2mm, dobradiças reforçadas, fechadura autoblocante, marca Arouca, ref.: 108449/40-Z-ZCE ou similar, maçaneta tipo alavanca, inclusive batentes de madeira. | C48: und. | D48: 1 | E48: 7560.2542 | F48: 1 | G48: =F48*E48 -> 7560.2542 | H48: =F48/D48 -> 1 | J48: =I48*E48 -> 0 | K48: =I48/D48 -> 0 | L48: =F48+I48 -> 1 | M48: =G48+J48 -> 7560.2542 | N48: =H48+K48 -> 1
A49: 4.4 | B49: Recolocação de Porta de madeira compensada lisa para pintura, 120x210x3,5cm, 2 folhas , incluso aduela 2a, alizar 2a e dobradiças, exclusive porta. | C49: und. | D49: 1 | E49: 461.74258 | F49: 1 | G49: =F49*E49 -> 461.74258 | H49: =F49/D49 -> 1 | J49: =I49*E49 -> 0 | K49: =I49/D49 -> 0 | L49: =F49+I49 -> 1 | M49: =G49+J49 -> 461.74258 | N49: =H49+K49 -> 1
A50: 5 | B50: VIDROS | J50: =SUM(J51:J51) -> 0 | M50: =SUM(M51:M51) -> 708.11184
A51: 5.1 | B51: Instalação de vidro temperado, e = 10 mm, encaixado em perfil u | C51: m2 | D51: 5.52 | E51: 566.48947 | F51: 1.25 | G51: =F51*E51 -> 708.11184 | H51: =F51/D51 -> 0.22644928 | J51: =I51*E51 -> 0 | K51: =I51/D51 -> 0 | L51: =F51+I51 -> 1.25 | M51: =G51+J51 -> 708.11184 | N51: =H51+K51 -> 0.22644928
A52: 6 | B52: REVESTIMENTOS | J52: =SUM(J53:J57) -> 0 | M52: =SUM(M53:M57) -> 21046.771
A53: 6.1 | B53: Chapisco de argamassa de cimento e areia média ou grossa lavada, no traço 1:3, espessura 5 mm | C53: m2 | D53: 92.24 | E53: 8.584758 | F53: 92.24 | G53: =F53*E53 -> 791.85808 | H53: =F53/D53 -> 1 | J53: =I53*E53 -> 0 | K53: =I53/D53 -> 0 | L53: =F53+I53 -> 92.24 | M53: =G53+J53 -> 791.85808 | N53: =H53+K53 -> 1
A54: 6.2 | B54: Reboco tipo paulista de argamassa de cimento, cal hidratada CH1 e areia média ou grossa lavada no traço 1:0.5:6, espessura 25 mm | C54: m2 | D54: 86.36 | E54: 70.365666 | F54: 86.36 | G54: =F54*E54 -> 6076.7789 | H54: =F54/D54 -> 1 | J54: =I54*E54 -> 0 | K54: =I54/D54 -> 0 | L54: =F54+I54 -> 86.36 | M54: =G54+J54 -> 6076.7789 | N54: =H54+K54 -> 1
A55: 6.3 | B55: Emboço de argamassa de cimento, cal hidratada CH1 e areia média ou grossa lavada no traço 1:0.5:6, espessura 20 mm | C55: m2 | D55: 36.85 | E55: 41.33402 | F55: 36.85 | G55: =F55*E55 -> 1523.1586 | H55: =F55/D55 -> 1 | J55: =I55*E55 -> 0 | K55: =I55/D55 -> 0 | L55: =F55+I55 -> 36.85 | M55: =G55+J55 -> 1523.1586 | N55: =H55+K55 -> 1
A56: 6.4 | B56: Azulejo branco 15 x 15 cm, juntas a prumo, assentado com argamassa de cimento colante, inclusive rejuntamento com cimento branco, marcas de referência Eliane, Cecrisa ou Portobello | C56: m2 | D56: 36.85 | E56: 116.13881 | F56: 36.85 | G56: =F56*E56 -> 4279.7153 | H56: =F56/D56 -> 1 | J56: =I56*E56 -> 0 | K56: =I56/D56 -> 0 | L56: =F56+I56 -> 36.85 | M56: =G56+J56 -> 4279.7153 | N56: =H56+K56 -> 1
A57: 6.5 | B57: Revestimento com argamassa baritada - densidade = 3,2 g/cm³ - esp=2,0cm | C57: m2 | D57: 57.68 | E57: 145.20215 | F57: 57.68 | G57: =F57*E57 -> 8375.2599 | H57: =F57/D57 -> 1 | J57: =I57*E57 -> 0 | K57: =I57/D57 -> 0 | L57: =F57+I57 -> 57.68 | M57: =G57+J57 -> 8375.2599 | N57: =H57+K57 -> 1
A58: 7. | B58: PISO | J58: =SUM(J59:J61) -> 0 | M58: =SUM(M59:M61) -> 72564.897
A59: 7.1 | B59: Piso cimentado liso com 1.5 cm de espessura, de argamassa de cimento e areia no traço 1:3 e juntas plásticas em quadros de 1 m | C59: m2 | D59: 319.3 | E59: 71.955436 | F59: 319.3 | G59: =F59*E59 -> 22975.371 | H59: =F59/D59 -> 1 | J59: =I59*E59 -> 0 | K59: =I59/D59 -> 0 | L59: =F59+I59 -> 319.3 | M59: =G59+J59 -> 22975.371 | N59: =H59+K59 -> 1
A60: 7.2 | B60: Piso vinílico - flexível em manta, padrão liso, espessura 2mm, fixado com cola. | C60: m2 | D60: 383.16 | E60: 242.25783 | F60: 153.26 | G60: =F60*E60 -> 37128.436 | H60: =F60/D60 -> 0.39998956 | J60: =I60*E60 -> 0 | K60: =I60/D60 -> 0 | L60: =F60+I60 -> 153.26 | M60: =G60+J60 -> 37128.436 | N60: =H60+K60 -> 0.39998956
A61: 7.3 | B61: Rodapé vinílico flexível em manta, altura 10 cm. | C61: m | D61: 304.98 | E61: 104.89133 | F61: 118.8 | G61: =F61*E61 -> 12461.09 | H61: =F61/D61 -> 0.38953374 | J61: =I61*E61 -> 0 | K61: =I61/D61 -> 0 | L61: =F61+I61 -> 118.8 | M61: =G61+J61 -> 12461.09 | N61: =H61+K61 -> 0.38953374
A62: 8 | B62: INSTALAÇÕES HIDRO SANITÁRIAS | J62: =SUM(J64:J71) -> 535.69134 | M62: =SUM(M64:M71) -> 11169.501
A63: 8.1 | B63: APARELHOS HIDROSSANITÁRIOS
A64: 8.1. | B64: Cuba de aço inox n° 1(dim.460x300x150)mm, marcas de referência Franke, Strake, tramontina, inclusive válvula de metal 31/2" e sifão cromado 1 x 1/2", excl. torneira | C64: und | D64: 5 | E64: 807.92111 | F64: 5 | G64: =F64*E64 -> 4039.6056 | H64: =F64/D64 -> 1 | J64: =I64*E64 -> 0 | K64: =I64/D64 -> 0 | L64: =F64+I64 -> 5 | M64: =G64+J64 -> 4039.6056 | N64: =H64+K64 -> 1
A65: 8.2. | B65: Bancada de granito com espessura de 2 cm | C65: m2 | D65: 8.35 | E65: 468.43185 | F65: 8.35 | G65: =F65*E65 -> 3911.4059 | H65: =F65/D65 -> 1 | J65: =I65*E65 -> 0 | K65: =I65/D65 -> 0 | L65: =F65+I65 -> 8.35 | M65: =G65+J65 -> 3911.4059 | N65: =H65+K65 -> 1
A66: 8.2 | B66: TORNEIRAS, REGISTRO, VÁLVULAS E METAIS
A67: 8.2.1 | B67: Ponto de água fria (lavatório, tanque, pia de cozinha, etc...) | C67: pt | D67: 5 | E67: 133.44285 | F67: 4 | G67: =F67*E67 -> 533.77139 | H67: =F67/D67 -> 0.8 | I67: 1 | J67: =I67*E67 -> 133.44285 | K67: =I67/D67 -> 0.2 | L67: =F67+I67 -> 5 | M67: =G67+J67 -> 667.21424 | N67: =H67+K67 -> 1
A68: 8.2.2 | B68: Ponto para esgoto secundário (pia, lavatório, mictório, tanque, bidê, etc...) | C68: pt | D68: 3 | E68: 122.88922 | F68: 2 | G68: =F68*E68 -> 245.77844 | H68: =F68/D68 -> 0.66666667 | I68: 1 | J68: =I68*E68 -> 122.88922 | K68: =I68/D68 -> 0.33333333 | L68: =F68+I68 -> 3 | M68: =G68+J68 -> 368.66766 | N68: =H68+K68 -> 1
A69: 8.2.3 | B69: Sifão em PVC para pia de cozinha ou lavatório 1x11/2" | C69: und | D69: 1 | E69: 32.296789 | F69: 1 | G69: =F69*E69 -> 32.296789 | H69: =F69/D69 -> 1 | J69: =I69*E69 -> 0 | K69: =I69/D69 -> 0 | L69: =F69+I69 -> 1 | M69: =G69+J69 -> 32.296789 | N69: =H69+K69 -> 1
A70: 8.2.4 | B70: Lavatório de louça branca com coluna, marcas de referência Deca, Celite ou Ideal Standard, inclusive sifão, válvula e engates cromados, exclusive torneira. | C70: und | D70: 1 | E70: 753.51429 | F70: 1 | G70: =F70*E70 -> 753.51429 | H70: =F70/D70 -> 1 | J70: =I70*E70 -> 0 | K70: =I70/D70 -> 0 | L70: =F70+I70 -> 1 | M70: =G70+J70 -> 753.51429 | N70: =H70+K70 -> 1
A71: 8.2.5 | B71: Torneira pressão cromada diam. 1/2" para pia, marcas de referência Fabrimar, Deca ou Docol | C71: und | D71: 6 | E71: 279.35928 | F71: 4 | G71: =F71*E71 -> 1117.4371 | H71: =F71/D71 -> 0.66666667 | I71: 1 | J71: =I71*E71 -> 279.35928 | K71: =I71/D71 -> 0.16666667 | L71: =F71+I71 -> 5 | M71: =G71+J71 -> 1396.7964 | N71: =H71+K71 -> 0.83333333
A72: 9 | B72: INSTALAÇÕES ELÉTRICAS | J72: =SUM(J73:J87) -> 3708.8111 | M72: =SUM(M73:M87) -> 18367.021
A73: 9.1 | B73: Ponto padrão de tomada 2 pólos mais terra - considerando eletroduto PVC rígido de 3/4" inclusive conexões (5.0m), fio isolado PVC de 2.5mm2 (16.5m) e caixa pvc 4x2" (1 und) | C73: und | D73: 32 | E73: 255.85514 | F73: 16 | G73: =F73*E73 -> 4093.6822 | H73: =F73/D73 -> 0.5 | I73: 7 | J73: =I73*E73 -> 1790.986 | K73: =I73/D73 -> 0.21875 | L73: =F73+I73 -> 23 | M73: =G73+J73 -> 5884.6682 | N73: =H73+K73 -> 0.71875
A74: 9.2 | B74: Tomada padrão brasileiro linha branca, NBR 14136 2 polos + terra 10A/250V, com placa 4x2" | C74: und | D74: 32 | E74: 45.345132 | F74: 16 | G74: =F74*E74 -> 725.52211 | H74: =F74/D74 -> 0.5 | I74: 7 | J74: =I74*E74 -> 317.41592 | K74: =I74/D74 -> 0.21875 | L74: =F74+I74 -> 23 | M74: =G74+J74 -> 1042.938 | N74: =H74+K74 -> 0.71875
A75: 9.3 | B75: Ponto padrão de luz no teto - considerando eletroduto PVC rígido de 3/4" inclusive conexões (4.5m), fio isolado PVC de 2.5mm2 (16.2m) e caixa PVC 4x4" (1 und) | C75: und | D75: 9 | E75: 252.06415 | F75: 5 | G75: =F75*E75 -> 1260.3207 | H75: =F75/D75 -> 0.55555556 | I75: 3 | J75: =I75*E75 -> 756.19244 | K75: =I75/D75 -> 0.33333333 | L75: =F75+I75 -> 8 | M75: =G75+J75 -> 2016.5132 | N75: =H75+K75 -> 0.88888889
A76: 9.4 | B76: Ponto padrão de interruptor de 1 tecla simples e 1 tomada dois pólos mais terra 10A/250V - considerando eletroduto PVC rígido de 3/4" inclusive conexões (4.5m), fio isolado PVC de 2.5mm2 (19.4m) e caixa PVC 4x2" (1 und) | C76: und | D76: 5 | E76: 269.18475 | F76: 2 | G76: =F76*E76 -> 538.3695 | H76: =F76/D76 -> 0.4 | I76: 1 | J76: =I76*E76 -> 269.18475 | K76: =I76/D76 -> 0.2 | L76: =F76+I76 -> 3 | M76: =G76+J76 -> 807.55424 | N76: =H76+K76 -> 0.6
A77: 9.5 | B77: Interruptor de uma tecla simples 10A/250V e uma tomada 3 polos 10A/250V, padrão brasileiro, NBR 14136, linha branca, com placa 4x2" | C77: und | D77: 5 | E77: 72.530199 | F77: 2 | G77: =F77*E77 -> 145.0604 | H77: =F77/D77 -> 0.4 | I77: 2 | J77: =I77*E77 -> 145.0604 | K77: =I77/D77 -> 0.4 | L77: =F77+I77 -> 4 | M77: =G77+J77 -> 290.1208 | N77: =H77+K77 -> 0.8
A78: 9.6 | B78: Luminaria sobrepor compl., corpo ch. aço pintada branca, refletor, aletas parabólicas alum.alta pureza e refletância inclusive 2 lâmpadas LED T8 9/10W temp. de cor 5000k c/ 60cm - Ref. CS216AL-N - AMES, 1261 - LUMAVI OU EQUIVALENTE | C78: und | D78: 9 | E78: 214.98582 | F78: 4 | G78: =F78*E78 -> 859.94328 | H78: =F78/D78 -> 0.44444444 | I78: 2 | J78: =I78*E78 -> 429.97164 | K78: =I78/D78 -> 0.22222222 | L78: =F78+I78 -> 6 | M78: =G78+J78 -> 1289.9149 | N78: =H78+K78 -> 0.66666667
A79: 9.7 | B79: Quadro de distribuição de energia em PVC, de embutir, com 12 divisões modulares com barramento | C79: und | D79: 1 | E79: 284.37317 | F79: 1 | G79: =F79*E79 -> 284.37317 | H79: =F79/D79 -> 1 | J79: =I79*E79 -> 0 | K79: =I79/D79 -> 0 | L79: =F79+I79 -> 1 | M79: =G79+J79 -> 284.37317 | N79: =H79+K79 -> 1
A80: 9.8 | B80: Mini-Disjuntor monopolar 20 A, curva C - 5KA 220/127VCA (NBR IEC 60947-2), Ref. Siemens, GE, Schneider ou equivalente | C80: und | D80: 2 | E80: 26.854884 | F80: 2 | G80: =F80*E80 -> 53.709768 | H80: =F80/D80 -> 1 | J80: =I80*E80 -> 0 | K80: =I80/D80 -> 0 | L80: =F80+I80 -> 2 | M80: =G80+J80 -> 53.709768 | N80: =H80+K80 -> 1
A81: 9.9 | B81: Mini-Disjuntor bipolar 50 A, curva C - 5KA 220/127VCA (NBR IEC 60947-2), Ref. Siemens, GE, Schneider ou equivalente | C81: und | D81: 1 | E81: 94.823666 | F81: 1 | G81: =F81*E81 -> 94.823666 | H81: =F81/D81 -> 1 | J81: =I81*E81 -> 0 | K81: =I81/D81 -> 0 | L81: =F81+I81 -> 1 | M81: =G81+J81 -> 94.823666 | N81: =H81+K81 -> 1
A82: 9.10 | B82: Eletroduto de PVC rígido roscável, diâm. 1 1/4" (40mm), inclusive conexões | C82: m | D82: 23.4 | E82: 37.445198 | F82: 23.4 | G82: =F82*E82 -> 876.21763 | H82: =F82/D82 -> 1 | J82: =I82*E82 -> 0 | K82: =I82/D82 -> 0 | L82: =F82+I82 -> 23.4 | M82: =G82+J82 -> 876.21763 | N82: =H82+K82 -> 1
A83: 9.11 | B83: Cabo de cobre termoplástico (PVC) flexível isolado 450/750V, antichama BWF livre de chumbo, 70ºC ? 10,0mm2 | C83: m | D83: 160.2 | E83: 19.945499 | F83: 160.2 | G83: =F83*E83 -> 3195.2689 | H83: =F83/D83 -> 1 | J83: =I83*E83 -> 0 | K83: =I83/D83 -> 0 | L83: =F83+I83 -> 160.2 | M83: =G83+J83 -> 3195.2689 | N83: =H83+K83 -> 1
A84: 9.12 | B84: Ponto padrão de tomada para ar refrigerado - considerando eletroduto PVC rígido de 3/4" inclusive conexões (6.0m), fio isolado PVC de 4.0mm2 (21.6m) e caixa PVC 4x2" (1 und) | C84: und | D84: 3 | E84: 378.19405 | F84: 3 | G84: =F84*E84 -> 1134.5822 | H84: =F84/D84 -> 1 | J84: =I84*E84 -> 0 | K84: =I84/D84 -> 0 | L84: =F84+I84 -> 3 | M84: =G84+J84 -> 1134.5822 | N84: =H84+K84 -> 1
A85: 9.13 | B85: Caixa de passagem 200x200x100mm, chapa 18, com tampa parafusada | C85: und | D85: 4 | E85: 133.51622 | F85: 4 | G85: =F85*E85 -> 534.06489 | H85: =F85/D85 -> 1 | J85: =I85*E85 -> 0 | K85: =I85/D85 -> 0 | L85: =F85+I85 -> 4 | M85: =G85+J85 -> 534.06489 | N85: =H85+K85 -> 1
A86: 9.14 | B86: Eletroduto de PVC rígido roscável, diâm. 2" (60mm), inclusive conexões | C86: m | D86: 14 | E86: 55.813156 | F86: 14 | G86: =F86*E86 -> 781.38418 | H86: =F86/D86 -> 1 | J86: =I86*E86 -> 0 | K86: =I86/D86 -> 0 | L86: =F86+I86 -> 14 | M86: =G86+J86 -> 781.38418 | N86: =H86+K86 -> 1
A87: 9.15 | B87: Eletroduto flexível corrugado 3/4" , marca de referência TIGRE | C87: m | D87: 7.8 | E87: 10.370192 | F87: 7.8 | G87: =F87*E87 -> 80.887498 | H87: =F87/D87 -> 1 | J87: =I87*E87 -> 0 | K87: =I87/D87 -> 0 | L87: =F87+I87 -> 7.8 | M87: =G87+J87 -> 80.887498 | N87: =H87+K87 -> 1
A88: 10 | B88: PINTURA | J88: =SUM(J90:J94) -> 5967.4512 | M88: =SUM(M90:M94) -> 35604.707
A89: 10.1 | B89: SOBRE PAREDES E FORROS
A90: 10.1.1 | B90: Emassamento de paredes e forros, com duas demãos de massa acrílica, marcas de referência Suvinil, Coral ou Metalatex | C90: m2 | D90: 561.47 | E90: 23.822092 | F90: 410.02 | G90: =F90*E90 -> 9767.5342 | H90: =F90/D90 -> 0.73026163 | I90: 87 | J90: =I90*E90 -> 2072.522 | K90: =I90/D90 -> 0.1549504 | L90: =F90+I90 -> 497.02 | M90: =G90+J90 -> 11840.056 | N90: =H90+K90 -> 0.88521203
A91: 10.1.2 | B91: Pintura, sobre paredes e forros, aplicação manual, com duas demãos de tinta esmalte sintético, referência Suvinil, Coral e Metalatex, inclusive uma demão de liquido selador PVA, referência Suvinil, Coral ou Metalatex ou equivalente | C91: m2 | D91: 561.47 | E91: 31.465217 | F91: 410.02 | G91: =F91*E91 -> 12901.368 | H91: =F91/D91 -> 0.73026163 | I91: 87 | J91: =I91*E91 -> 2737.4739 | K91: =I91/D91 -> 0.1549504 | L91: =F91+I91 -> 497.02 | M91: =G91+J91 -> 15638.842 | N91: =H91+K91 -> 0.88521203
A92: 10.2 | B92: SOBRE MADEIRA
A93: 10.2.1 | B93: Emassamento de esquadrias e elementos de madeira, com duas demãos de massa à base água, referência Suvinil, Coral, Sherwin Williams ou equivalente, inclusive uma demão de fundo nivelador alquídico branco, referência Suvinil, Coral ou Metalatex ou equivalente | C93: m2 | D93: 73.07 | E93: 61.866511 | F93: 59 | G93: =F93*E93 -> 3650.1241 | H93: =F93/D93 -> 0.80744492 | I93: 9.8 | J93: =I93*E93 -> 606.29181 | K93: =I93/D93 -> 0.13411797 | L93: =F93+I93 -> 68.8 | M93: =G93+J93 -> 4256.416 | N93: =H93+K93 -> 0.94156288
A94: 10.2.2 | B94: Pintura de esquadrias e elementos de madeira, aplicação manual, com duas demãos de tinta esmalte sintético referência Suvinil, Coral ou Metalatex, inclusive fundo branco nivelador, referência Suvinil, Coral e Metalatex ou equivalente | C94: m2 | D94: 73.07 | E94: 56.241171 | F94: 59 | G94: =F94*E94 -> 3318.2291 | H94: =F94/D94 -> 0.80744492 | I94: 9.8 | J94: =I94*E94 -> 551.16348 | K94: =I94/D94 -> 0.13411797 | L94: =F94+I94 -> 68.8 | M94: =G94+J94 -> 3869.3926 | N94: =H94+K94 -> 0.94156288
A95: 11 | B95: TETOS E FORROS | J95: =SUM(J96) -> 6163.3481 | M95: =SUM(M96) -> 20184.965
A96: 11.1 | B96: Forro de gesso acabamento tipo liso | C96: m2 | D96: 369.11 | E96: 61.633481 | F96: 227.5 | G96: =F96*E96 -> 14021.617 | H96: =F96/D96 -> 0.61634743 | I96: 100 | J96: =I96*E96 -> 6163.3481 | K96: =I96/D96 -> 0.27092195 | L96: =F96+I96 -> 327.5 | M96: =G96+J96 -> 20184.965 | N96: =H96+K96 -> 0.88726938
A97: 12 | B97: REDE DE LÓGICA | J97: =SUM(J98:J101) -> 244.16421 | M97: =SUM(M98:M101) -> 548.34836
A98: 12.1 | B98: Espelho 4" x 2" com conector RJ 45 fêmea CAT. 5e | C98: und | D98: 7 | E98: 25.876564 | F98: 3 | G98: =F98*E98 -> 77.629692 | H98: =F98/D98 -> 0.42857143 | I98: 1 | J98: =I98*E98 -> 25.876564 | K98: =I98/D98 -> 0.14285714 | L98: =F98+I98 -> 4 | M98: =G98+J98 -> 103.50626 | N98: =H98+K98 -> 0.57142857
A99: 12.2 | B99: Conector RJ 45 macho | C99: und | D99: 7 | E99: 13.867686 | F99: 3 | G99: =F99*E99 -> 41.603058 | H99: =F99/D99 -> 0.42857143 | I99: 1 | J99: =I99*E99 -> 13.867686 | K99: =I99/D99 -> 0.14285714 | L99: =F99+I99 -> 4 | M99: =G99+J99 -> 55.470744 | N99: =H99+K99 -> 0.57142857
A100: 12.3 | B100: Fornecimento e instalação de Cabo de rede par trançado 4 pares Categoria 5e | C100: m | D100: 158 | E100: 4.867142 | F100: 38 | G100: =F100*E100 -> 184.9514 | H100: =F100/D100 -> 0.24050633 | I100: 42 | J100: =I100*E100 -> 204.41996 | K100: =I100/D100 -> 0.26582278 | L100: =F100+I100 -> 80 | M100: =G100+J100 -> 389.37136 | N100: =H100+K100 -> 0.50632911
A101: 12.4 | B101: Switch 24 portas RJ-45 10/100 + 2 10/100/1000, inclusive fixação em Rack 19" | C101: und | D101: 1 | E101: 1242.234 | F101: 0 | G101: =F101*E101 -> 0 | H101: =F101/D101 -> 0 | J101: =I101*E101 -> 0 | K101: =I101/D101 -> 0 | L101: =F101+I101 -> 0 | M101: =G101+J101 -> 0 | N101: =H101+K101 -> 0
A102: 13 | B102: SERVIÇOS COMPLEMENTARES | J102: =SUM(J103:J108) -> 928.91484 | M102: =SUM(M103:M108) -> 31212.286
A103: 13.1 | B103: Cobertura nova de telhas onduladas de fibrocimento 8.0mm, inclusive cumeeiras e acessórios de fixação | C103: m2 | D103: 182.62 | E103: 103.60409 | F103: 182.62 | G103: =F103*E103 -> 18920.179 | H103: =F103/D103 -> 1 | J103: =I103*E103 -> 0 | K103: =I103/D103 -> 0 | L103: =F103+I103 -> 182.62 | M103: =G103+J103 -> 18920.179 | N103: =H103+K103 -> 1
A104: 13.2 | B104: Limpeza geral da obra (edificação) | C104: m2 | D104: 328 | E104: 14.454678 | F104: 0 | G104: =F104*E104 -> 0 | H104: =F104/D104 -> 0 | J104: =I104*E104 -> 0 | K104: =I104/D104 -> 0 | L104: =F104+I104 -> 0 | M104: =G104+J104 -> 0 | N104: =H104+K104 -> 0
A105: 13.3 | B105: Rufo de chapa metálica nº 26 com largura de 30 cm | C105: m | D105: 167.06 | E105: 44.770369 | F105: 167.06 | G105: =F105*E105 -> 7479.3378 | H105: =F105/D105 -> 1 | J105: =I105*E105 -> 0 | K105: =I105/D105 -> 0 | L105: =F105+I105 -> 167.06 | M105: =G105+J105 -> 7479.3378 | N105: =H105+K105 -> 1
A106: 13.4 | B106: Índice de preço para remoção de entulho decorrente da execução de obras (Classe A CONAMA - NBR 10.004 - Classe II-B), incluindo aluguel da caçamba, carga, transporte e descarga em área licenciada | C106: m3 | D106: 56.834598 | E106: 92.891484 | F106: 38.8 | G106: =F106*E106 -> 3604.1896 | H106: =F106/D106 -> 0.68268276 | I106: 10 | J106: =I106*E106 -> 928.91484 | K106: =I106/D106 -> 0.17594916 | L106: =F106+I106 -> 48.8 | M106: =G106+J106 -> 4533.1044 | N106: =H106+K106 -> 0.85863192
A107: 13.5 | B107: Letra em aço inox escovado/polido 40 x 40cm - instalado | C107: und | D107: 37 | E107: 241.71465 | F107: 0 | G107: =F107*E107 -> 0 | H107: =F107/D107 -> 0 | J107: =I107*E107 -> 0 | K107: =I107/D107 -> 0 | L107: =F107+I107 -> 0 | M107: =G107+J107 -> 0 | N107: =H107+K107 -> 0
A108: 13.6 | B108: Sinalizador para porta fabricados com base em plático leitoso e acrílico translúcido vermelho, com 02 lâmpadas (inclusa), acionada por reator convencional(incluso), alimentação 110V e 220V (c/ chave seletora) | C108: und | D108: 1 | E108: 279.6651 | F108: 1 | G108: =F108*E108 -> 279.6651 | H108: =F108/D108 -> 1 | J108: =I108*E108 -> 0 | K108: =I108/D108 -> 0 | L108: =F108+I108 -> 1 | M108: =G108+J108 -> 279.6651 | N108: =H108+K108 -> 1
A109: 14 | B109: ADMINISTRAÇÃO LOCAL | J109: =SUM(J110) -> 986.46732 | M109: =SUM(M110) -> 12512.726
A110: 14.1 | B110: Administração local | C110: und | D110: 1 | E110: 17633.33 | F110: 0.65366316 | G110: =F110*E110 -> 11526.258 | H110: =F110/D110 -> 0.65366316 | I110: 0.055943337 | J110: =I110*E110 -> 986.46732 | K110: =I110/D110 -> 0.055943337 | L110: =F110+I110 -> 0.7096065 | M110: =G110+J110 -> 12512.726 | N110: =H110+K110 -> 0.7096065
A111: TOTAIS | J111: =(J109+J102+J97+J95+J88+J72+J62+J58+J52+J50+J45+J41+J23+J20) -> 21765.315 | M111: =(M109+M102+M97+M95+M88+M72+M62+M58+M52+M50+M45+M41+M23+M20) -> 276079.42
...

Sheet MEMO CALCULO 05
B2: PREFEITURA MUNICIPAL DE SÃO ROQUE DO CANAÃ
B8: MEMÓRIA DE CÁLCULO 5ª MEDIÇÃO
B9: OBRA: REFORMA UNIDADE BÁSICA DE SAÚDE “ETHEVALDO FRANCISCO ROLDI” (UBS SEDE) | D9: DATA: 16/10/2024
B10: LOCAL:RUA OLÍVIO PERINI, Nº 107, BAIRRO CINCO CASINHAS, SÃO ROQUE DO CANAÃ/ES
B11: ITEM | C11: DESCRIÇÃO | D11: UND | E11: QUANT.
B12: 2 | C12: =VLOOKUP(B12,'MEDIÇÃO 5'!$A$20:$C$111,2,0) -> SERVIÇOS PRELIMINARES
C13: Retirada de rodapé de madeira ou cerâmica | D13: m | E13: =SUM(D14:D14) -> 49.53
B14: quantidade de rodapé removido: 49,53 m | D14: 49.53
B15: 2.10 | C15: =VLOOKUP(B15,'MEDIÇÃO 5'!$A$20:$C$111,2,0) -> Demolição de piso granilite | D15: =VLOOKUP(B15,'MEDIÇÃO 5'!$A$20:$C$98,3,0) -> m2 | E15: =SUM(D16:D16) -> 38.23
B16: área de piso demolido: 38,23 m² | D16: 38.23
B18: 3 | C18: =VLOOKUP(B18,'MEDIÇÃO 5'!$A$20:$C$111,2,0) -> PAREDES E PAINÉIS
B19: 3.3 | C19: =VLOOKUP(B19,'MEDIÇÃO 5'!$A$20:$C$111,2,0) -> Parede com placas de gesso acartonado (DRYWALL), para uso interno, com duas faces simples e estrutura metálica com guias duplas, com vãos. | D19: =VLOOKUP(B19,'MEDIÇÃO 5'!$A$20:$C$98,3,0) -> m2 | E19: =SUM(D20:D20) -> 7.14
B20: Área de parede Drywall instalada: 7,14 m² | D20: 7.14
B22: 4 | C22: =VLOOKUP(B22,'MEDIÇÃO 5'!$A$20:$C$111,2,0) -> ESQUADRIAS DE MADEIRA
B23: 4.1 | C23: =VLOOKUP(B23,'MEDIÇÃO 5'!$A$20:$C$111,2,0) -> Marco de madeira de lei de 1ª (Peroba, Ipê, Angelim Pedra ou equivalente) com 15x3 cm de batente, nas dimensões de 0.80 x 2.10 m | D23: =VLOOKUP(B23,'MEDIÇÃO 5'!$A$20:$C$98,3,0) -> und | E23: =SUM(D24:D24) -> 1
B24: Marcos instalados: 1,00 und | D24: 1
B26: 8 | C26: =VLOOKUP(B26,'MEDIÇÃO 5'!$A$20:$C$111,2,0) -> INSTALAÇÕES HIDRO SANITÁRIAS
B27: 8.2 | C27: =VLOOKUP(B27,'MEDIÇÃO 5'!$A$20:$C$111,2,0) -> TORNEIRAS, REGISTRO, VÁLVULAS E METAIS
B28: 8.2.1 | C28: =VLOOKUP(B28,'MEDIÇÃO 5'!$A$20:$C$111,2,0) -> Ponto de água fria (lavatório, tanque, pia de cozinha, etc...) | D28: =VLOOKUP(B28,'MEDIÇÃO 5'!$A$20:$C$98,3,0) -> pt | E28: =D29 -> 1
B29: Pontos: 1,00 | D29: 1
B30: 8.2.2 | C30: =VLOOKUP(B30,'MEDIÇÃO 5'!$A$20:$C$111,2,0) -> Ponto para esgoto secundário (pia, lavatório, mictório, tanque, bidê, etc...) | D30: =VLOOKUP(B30,'MEDIÇÃO 5'!$A$20:$C$98,3,0) -> pt | E30: =D31 -> 1
B31: Pontos: 1,00 | D31: 1
B32: 8.2.5 | C32: =VLOOKUP(B32,'MEDIÇÃO 5'!$A$20:$C$111,2,0) -> Torneira pressão cromada diam. 1/2" para pia, marcas de referência Fabrimar, Deca ou Docol | D32: =VLOOKUP(B32,'MEDIÇÃO 5'!$A$20:$C$98,3,0) -> und | E32: =D33 -> 1
B33: Unidade: 1,00 | D33: 1
B35: 9 | C35: =VLOOKUP(B35,'MEDIÇÃO 5'!$A$20:$C$111,2,0) -> INSTALAÇÕES ELÉTRICAS
B36: 9.1 | C36: =VLOOKUP(B36,'MEDIÇÃO 5'!$A$20:$C$111,2,0) -> Ponto padrão de tomada 2 pólos mais terra - considerando eletroduto PVC rígido de 3/4" inclusive conexões (5.0m), fio isolado PVC de 2.5mm2 (16.5m) e caixa pvc 4x2" (1 und) | D36: =VLOOKUP(B36,'MEDIÇÃO 5'!$A$20:$C$98,3,0) -> und | E36: =D37 -> 7
B37: Pontos: 7,00 und | D37: 7
B38: 9.2 | C38: =VLOOKUP(B38,'MEDIÇÃO 5'!$A$20:$C$111,2,0) -> Tomada padrão brasileiro linha branca, NBR 14136 2 polos + terra 10A/250V, com placa 4x2" | D38: =VLOOKUP(B38,'MEDIÇÃO 5'!$A$20:$C$98,3,0) -> und | E38: =D39 -> 7
B39: Pontos: 7,00 und | D39: 7
B40: 9.3 | C40: =VLOOKUP(B40,'MEDIÇÃO 5'!$A$20:$C$111,2,0) -> Ponto padrão de luz no teto - considerando eletroduto PVC rígido de 3/4" inclusive conexões (4.5m), fio isolado PVC de 2.5mm2 (16.2m) e caixa PVC 4x4" (1 und) | D40: =VLOOKUP(B40,'MEDIÇÃO 5'!$A$20:$C$98,3,0) -> und | E40: =D41 -> 3
B41: Pontos: 3,00 und | D41: 3
B42: 9.4 | C42: =VLOOKUP(B42,'MEDIÇÃO 5'!$A$20:$C$111,2,0) -> Ponto padrão de interruptor de 1 tecla simples e 1 tomada dois pólos mais terra 10A/250V - considerando eletroduto PVC rígido de 3/4" inclusive conexões (4.5m), fio isolado PVC de 2.5mm2 (19.4m) e caixa PVC 4x2" (1 und) | D42: =VLOOKUP(B42,'MEDIÇÃO 5'!$A$20:$C$98,3,0) -> und | E42: =D43 -> 1
B43: Pontos: 1,00 und | D43: 1
B44: 9.5 | C44: =VLOOKUP(B44,'MEDIÇÃO 5'!$A$20:$C$111,2,0) -> Interruptor de uma tecla simples 10A/250V e uma tomada 3 polos 10A/250V, padrão brasileiro, NBR 14136, linha branca, com placa 4x2" | D44: =VLOOKUP(B44,'MEDIÇÃO 5'!$A$20:$C$98,3,0) -> und | E44: =D45 -> 2
B45: Interruptores: 2,00 und | D45: 2
B46: 9.6 | C46: =VLOOKUP(B46,'MEDIÇÃO 5'!$A$20:$C$111,2,0) -> Luminaria sobrepor compl., corpo ch. aço pintada branca, refletor, aletas parabólicas alum.alta pureza e refletância inclusive 2 lâmpadas LED T8 9/10W temp. de cor 5000k c/ 60cm - Ref. CS216AL-N - AMES, 1261 - LUMAVI OU EQUIVALENTE | D46: =VLOOKUP(B46,'MEDIÇÃO 5'!$A$20:$C$98,3,0) -> und | E46: =D47 -> 2
B47: Luminárias: 2,00 und | D47: 2
B49: 10 | C49: =VLOOKUP(B49,'MEDIÇÃO 5'!$A$20:$C$111,2,0) -> PINTURA
B50: 10.1 | C50: =VLOOKUP(B50,'MEDIÇÃO 5'!$A$20:$C$111,2,0) -> SOBRE PAREDES E FORROS
B51: 10.1.1 | C51: =VLOOKUP(B51,'MEDIÇÃO 5'!$A$20:$C$111,2,0) -> Emassamento de paredes e forros, com duas demãos de massa acrílica, marcas de referência Suvinil, Coral ou Metalatex | D51: =VLOOKUP(B51,'MEDIÇÃO 5'!$A$20:$C$98,3,0) -> m2 | E51: =D52 -> 87
B52: Área de Emassamento de paredes: 87,00 m² | D52: 87
B53: 10.1.2 | C53: =VLOOKUP(B53,'MEDIÇÃO 5'!$A$20:$C$111,2,0) -> Pintura, sobre paredes e forros, aplicação manual, com duas demãos de tinta esmalte sintético, referência Suvinil, Coral e Metalatex, inclusive uma demão de liquido selador PVA, referência Suvinil, Coral ou Metalatex ou equivalente | D53: =VLOOKUP(B53,'MEDIÇÃO 5'!$A$20:$C$98,3,0) -> m2 | E53: =D54 -> 87
B54: Área de pintura de paredes: 87,00 m² | D54: 87
B55: 10.2 | C55: =VLOOKUP(B55,'MEDIÇÃO 5'!$A$20:$C$111,2,0) -> SOBRE MADEIRA
B56: 10.2.1 | C56: =VLOOKUP(B56,'MEDIÇÃO 5'!$A$20:$C$111,2,0) -> Emassamento de esquadrias e elementos de madeira, com duas demãos de massa à base água, referência Suvinil, Coral, Sherwin Williams ou equivalente, inclusive uma demão de fundo nivelador alquídico branco, referência Suvinil, Coral ou Metalatex ou equivalente | D56: =VLOOKUP(B56,'MEDIÇÃO 5'!$A$20:$C$98,3,0) -> m2 | E56: =D57 -> 9.8
B57: Área de Emassamento de portas: 9,80 m² | D57: 9.8
B58: 10.2.2 | C58: =VLOOKUP(B58,'MEDIÇÃO 5'!$A$20:$C$111,2,0) -> Pintura de esquadrias e elementos de madeira, aplicação manual, com duas demãos de tinta esmalte sintético referência Suvinil, Coral ou Metalatex, inclusive fundo branco nivelador, referência Suvinil, Coral e Metalatex ou equivalente | D58: =VLOOKUP(B58,'MEDIÇÃO 5'!$A$20:$C$98,3,0) -> m2 | E58: =D59 -> 9.8
B59: Área de pintura de portas: 9,80 m² | D59: 9.8
B61: 11 | C61: =VLOOKUP(B61,'MEDIÇÃO 5'!$A$20:$C$111,2,0) -> TETOS E FORROS
B62: 11.1 | C62: =VLOOKUP(B62,'MEDIÇÃO 5'!$A$20:$C$111,2,0) -> Forro de gesso acabamento tipo liso | D62: =VLOOKUP(B62,'MEDIÇÃO 5'!$A$20:$C$98,3,0) -> m2 | E62: =D63 -> 100
B63: Área instalada: 100,00 m² | D63: 100
B65: 12 | C65: =VLOOKUP(B65,'MEDIÇÃO 5'!$A$20:$C$111,2,0) -> REDE DE LÓGICA
B66: 12.1 | C66: =VLOOKUP(B66,'MEDIÇÃO 5'!$A$20:$C$111,2,0) -> Espelho 4" x 2" com conector RJ 45 fêmea CAT. 5e | D66: =VLOOKUP(B66,'MEDIÇÃO 5'!$A$20:$C$98,3,0) -> und | E66: =D67 -> 1
B67: Espelhos instalado: 1,00 und | D67: 1
B68: 12.2 | C68: =VLOOKUP(B68,'MEDIÇÃO 5'!$A$20:$C$111,2,0) -> Conector RJ 45 macho | D68: =VLOOKUP(B68,'MEDIÇÃO 5'!$A$20:$C$111,3,0) -> und | E68: =D69 -> 100
B69: Área instalada: 1,00 und | D69: 100
B70: 12.3 | C70: =VLOOKUP(B70,'MEDIÇÃO 5'!$A$20:$C$111,2,0) -> Fornecimento e instalação de Cabo de rede par trançado 4 pares Categoria 5e | D70: =VLOOKUP(B70,'MEDIÇÃO 5'!$A$20:$C$111,3,0) -> m | E70: =D71 -> 42
B71: cabos instalados: 42,00 m | D71: 42
B73: 13 | C73: =VLOOKUP(B73,'MEDIÇÃO 5'!$A$20:$C$111,2,0) -> SERVIÇOS COMPLEMENTARES
B74: 13.4 | C74: =VLOOKUP(B74,'MEDIÇÃO 5'!$A$20:$C$111,2,0) -> Índice de preço para remoção de entulho decorrente da execução de obras (Classe A CONAMA - NBR 10.004 - Classe II-B), incluindo aluguel da caçamba, carga, transporte e descarga em área licenciada | D74: =VLOOKUP(B74,'MEDIÇÃO 5'!$A$20:$C$110,3,0) -> m3 | E74: =D75 -> 10
B75: Remoção de entulho: 10,00 m³ | D75: 10
B77: 14 | C77: =VLOOKUP(B77,'MEDIÇÃO 5'!$A$20:$C$111,2,0) -> ADMINISTRAÇÃO LOCAL
B78: 14.1 | C78: =VLOOKUP(B78,'MEDIÇÃO 5'!$A$20:$C$111,2,0) -> Administração local | D78: =VLOOKUP(B78,'MEDIÇÃO 5'!$A$20:$C$110,3,0) -> und | E78: =SUM(D79) -> 0.055943337
B79: (Valor 5ª Medição – Adm Local)/(Valor do Contrato – Adm Local) = 0,055943337 | D79: 0.055943337
C85: ____________________________________________
C86: PEDRO JAYME LANI JUNIOR
C87: Assessor de Assuntos de Gestão
C88: Engenheiro Civil
C89: CREA ES 20109/D
C90: Fiscal da Obra
